 Dungeon Crawl Stone Soup version 0.28.0-47-ge53b351184 (webtiles) character file.

Game seed: 14270883625791097717

3360 Gabide the Thaumaturge (level 9, -2/69 HPs)
             Began as a Mummy Necromancer on May 3, 2022.
             Was an Elder of Sif Muna.
             Slain by a vampire mosquito (4 damage)
             ... on level 7 of the Dungeon.
             The game lasted 00:16:57 (8331 turns).

Gabide the Thaumaturge (Mummy Necromancer)          Turns: 8331, Time: 00:16:58

Health: -2/69      AC:  7    Str: 17    XL:     9   Next: 73%
Magic:  21/21      EV: 14    Int: 24    God:    Sif Muna [****..]
Gold:   362        SH:  0    Dex: 13    Spells: 9/24 levels left

rFire   . . .      SeeInvis .   s - +9 dagger of Yluv {vorpal, rElec rC+ rN+}
rCold   + + .      Faith    .   (no shield)
rNeg    + + +      Spirit   .   p - +2 robe of the Hills {rF+}
rPois   ∞          Reflect  .   f - +1 hat
rElec   +          Harm     .   j - +0 cloak
rCorr   .          Rampage  .   c - +0 pair of gloves
Will    ++...                   (no boots)
Stlth   ++........              (no amulet)
HPRegen 0.21/turn               g - ring "Pazosifuc" {Will+ Str+6}
MPRegen 0.17/turn               r - +6 ring of intelligence

@: about to teleport
A: cold resistance 1, negative energy resistance 3, torment resistance 2, heat
vulnerability 1, no potions
a: Renounce Religion, Channel Magic, Forget Spell, Divine Exegesis


You were on level 7 of the Dungeon.
You worshipped Sif Muna.
Sif Muna was greatly pleased with you.
You visited 1 branch of the dungeon, and saw 7 of its levels.

You collected 362 gold pieces.

Inventory:

Hand Weapons
 k - a +4 quarterstaff of chaos
 s - the +9 dagger of Yluv (weapon) {vorpal, rElec rC+ rN+}
   (You found it on level 4 of the Dungeon)

   It inflicts extra damage upon your enemies.
   rC:        It protects you from cold.
   rElec:     It insulates you from electricity.
   rN:        It protects you from negative energy.
 u - a +7 spear of freezing
Armour
 c - a +0 pair of gloves (worn)
 f - a +1 hat (worn)
 j - a +0 cloak (worn)
 p - the +2 robe of the Hills (worn) {rF+}
   (You found it on level 5 of the Dungeon)

   rF:        It protects you from fire.
Jewellery
 a - a ring of flight
 b - a ring of fire
 g - the ring "Pazosifuc" (left hand) {Will+ Str+6}
   (You found it on level 2 of the Dungeon)

   [ring of strength]

   Str:       It affects your strength (+6).
   Will:      It increases your willpower.
 r - a +6 ring of intelligence (right hand)
Wands
 n - a wand of charming (8)
Scrolls
 d - 2 scrolls of fear
 e - 2 scrolls of teleportation
 h - 2 scrolls of noise
 i - a scroll of amnesia {unknown}
 l - 2 scrolls of blinking {unknown}
 m - 2 scrolls of vulnerability
 o - a scroll of enchant weapon {unknown}
 q - 3 scrolls of magic mapping
 t - a scroll of fog {unknown}


   Skills:
 * Level 6.2 Fighting
 + Level 2.1 Short Blades
 * Level 5.5 Dodging
 - Level 1.5 Stealth
 * Level 8.1 Spellcasting
 * Level 7.5 Necromancy
 + Level 3.8 Invocations


You had 9 spell levels left.
You knew the following spells:

 Your Spells              Type           Power      Damage    Failure   Level
a - Pain                  Necr           100%       1d9       1%          1
b - Vampiric Draining     Necr           46%        2d9       1%          3
c - Animate Dead          Necr           23%        N/A       2%          4
d - Passwall              Tmut/Erth      7%         N/A       10%         2
e - Agony                 Necr           46%        N/A       8%          5

Your spell library contained the following spells:

 Spells                   Type           Power      Damage    Failure   Level
 Animate Skeleton         Necr           92%        N/A       1%          1
 Foxfire                  Conj/Fire      36%        2x1d5     6%          1
 Sandblast                Erth           18%        2d7       6%          1
 Shock                    Conj/Air       36%        1d5       6%          1
 Conjure Flame            Conj/Fire      9%         6-21      19%         3
 Inner Flame              Hex/Fire       9%         N/A       19%         3
 Stone Arrow              Conj/Erth      18%        3d8       19%         3
 Swiftness                Air            9%         N/A       19%         3
 Airstrike                Air            4%         N/A       54%         4
 Flame Wave               Conj/Fire      9%         2d5       54%         4


Dungeon Overview and Level Annotations

Branches:
Dungeon (7/15)             Temple (0/1) D:4

Altars:
Elyvilon
Fedhas
Nemelex Xobeh
Sif Muna
Yredelemnul
The Shining One

Shops:
D:5 =   D:6 [


Innate Abilities, Weirdness & Mutations

You are immune to poison.
Your flesh is cold resistant. (rC+)
You are immune to negative energy. (rN+++)
You are immune to unholy pain and torment.
You are vulnerable to heat. (rF-)
You do not drink.


Message History

The vampire mosquito bites you but does no damage.
The vampire mosquito misses you.
The vampire mosquito closely misses you. x2
The vampire mosquito bites you but does no damage.
The vampire mosquito bites you.
The vampire mosquito bites you but does no damage.
You barely miss the vampire mosquito.
The vampire mosquito closely misses you.
You closely miss the vampire mosquito. The vampire mosquito misses you.
The vampire mosquito barely misses you.
You puncture the vampire mosquito!
The vampire mosquito is heavily damaged.
The vampire mosquito bites you but does no damage.
The vampire mosquito bites you.
You puncture the vampire mosquito!
The vampire mosquito is almost destroyed.
The vampire mosquito bites you.
* * * LOW HITPOINT WARNING * * *
You hit the vampire mosquito.
You destroy the vampire mosquito!
Sif Muna accepts your kill.
You can now call upon Sif Muna to cast any spell from your library.
The vampire mosquito barely misses you.
You hit the vampire mosquito.
The vampire mosquito is moderately damaged.
The vampire mosquito misses you.
You puncture the vampire mosquito!
The vampire mosquito is severely damaged.
The vampire mosquito closely misses you.
The vampire mosquito bites you!
* * * LOW HITPOINT WARNING * * *
You barely miss the vampire mosquito.
The vampire mosquito is severely damaged.
The vampire mosquito bites you!
* * * LOW HITPOINT WARNING * * *
The vampire mosquito bites you.
* * * LOW HITPOINT WARNING * * *
As you read the scroll of teleportation, it crumbles to dust.
You feel strangely unstable. The vampire mosquito bites you.
You die...

###[Z........†#
.....).[......#
##.#######....#
## #.# ##...# .#
##.########...#
.#
..............#
.#
##.####.......##
.# #.#
#...#....##.#
#.#
#...#...yy@.#
#.#
###.###..####
#.# #....#)##
#.# ####.#..#
#.# #.#..# #.#
#...># #.#
######


You could see 2 vampire mosquitoes.

Vanquished Creatures
  Sigmund (D:6)
  Eustachio (D:6)
  2 steam dragons (D:7)
  2 vampire mosquitoes (D:7)
  Duvessa (D:6)
  2 water moccasins (D:7)
  An ice beast (D:5)
  A sky beast (D:6)
  2 necrophages
  2 ogres
  A centaur (D:6)
  A wyvern zombie (D:7)
  A bullfrog (D:7)
  A gnoll sergeant (D:7)
  4 scorpions
  2 wyvern skeletons
  Dowan (D:6)
  11 killer bees (D:7)
  3 wights (D:7)
  A howler monkey (D:6)
  A centaur zombie (D:5)
  A hound (D:6)
  Crazy Yiuf (D:2)
  A jelly (D:6)
  A centaur skeleton (D:7)
  4 iguanas
  Terence (D:3)
  A hound zombie (D:5)
  6 adders
  2 ufetubi
  3 adder skeletons (D:4)
  A worm (D:2)
  3 dart slugs
  19 orcs
  12 ball pythons
  11 endoplasms
  2 giant cockroaches
  5 goblins
  9 hobgoblins
  A quokka (D:2)
  7 bats
  3 frilled lizards
  5 kobolds
  10 rats
151 creatures vanquished.

Vanquished Creatures (others)
  A yak (D:7)
  An orc (D:7)
2 creatures vanquished.

Grand Total: 153 creatures vanquished

Notes
Turn   | Place    | Note
-------+----------+-------------------------------------------
     0 | D:1      | Gabide the Mummy Necromancer began the quest for the Orb.
     0 | D:1      | Reached XP level 1. HP: 13/13 MP: 4/4
   360 | D:1      | Reached XP level 2. HP: 20/20 MP: 2/5
   414 | D:1      | Reached skill level 3 in Spellcasting
   704 | D:1      | Found a faded altar of an unknown god.
   709 | D:1      | Prayed at the altar of an unknown god.
   709 | D:1      | Became a worshipper of Sif Muna the Loreminder
   709 | D:1      | Reached * piety under Sif Muna
  1128 | D:1      | Reached skill level 1 in Fighting
  1412 | D:2      | Reached XP level 3. HP: 26/26 MP: 3/7
  2032 | D:2      | Identified the ring "Pazosifuc" {Will+ Str+6}
  2047 | D:2      | Reached XP level 4. HP: 32/32 MP: 7/9
  2070 | D:2      | Learned a level 3 spell: Vampiric Draining
  2075 | D:2      | Learned a level 4 spell: Animate Dead
  2500 | D:2      | Found a runed translucent door.
  2501 | D:2      | Noticed Crazy Yiuf
  2507 | D:2      | Killed Crazy Yiuf
  2697 | D:3      | Noticed Terence
  2704 | D:3      | Killed Terence
  2705 | D:3      | Reached XP level 5. HP: 38/38 MP: 4/10
  2786 | D:3      | Reached skill level 4 in Spellcasting
  2879 | D:3      | Reached ** piety under Sif Muna
  2880 | D:3      | Reached skill level 1 in Invocations
  3593 | D:4      | Found a basalt altar of Yredelemnul.
  3605 | D:4      | Reached skill level 5 in Necromancy
  3605 | D:4      | Reached XP level 6. HP: 36/46 MP: 5/12
  3875 | D:4      | Identified the +9 dagger of Yluv {vorpal, rElec rC+ rN+}
  4063 | D:4      | Found a sparkling altar of Nemelex Xobeh.
  4619 | D:4      | Found a staircase to the Ecumenical Temple.
  4637 | D:5      | Entered Level 5 of the Dungeon
  4796 | D:5      | Reached *** piety under Sif Muna
  4797 | D:5      | Reached XP level 7. HP: 40/52 MP: 3/14
  4868 | D:5      | Reached skill level 5 in Spellcasting
  4870 | D:5      | Identified the +2 robe of the Hills {rF+}
  4903 | D:5      | Learned a level 2 spell: Passwall
  4909 | D:5      | Learned a level 5 spell: Agony
  5278 | D:5      | Found Plog's Jewellery Boutique.
  5382 | D:6      | Noticed Sigmund
  5393 | D:6      | Killed Sigmund
  5502 | D:6      | Found Atylof's Antique Armour Shoppe.
  5643 | D:6      | Reached XP level 8. HP: 60/60 MP: 16/16
  5731 | D:6      | Reached skill level 6 in Spellcasting
  5801 | D:6      | Noticed Duvessa
  5801 | D:6      | Noticed Dowan
  5812 | D:6      | Killed Duvessa
  5819 | D:6      | Killed Dowan
  5947 | D:6      | Noticed Eustachio
  5968 | D:6      | Killed Eustachio
  6427 | D:6      | Found a blossoming altar of Fedhas.
  6805 | D:7      | Reached skill level 5 in Fighting
  6805 | D:7      | Reached skill level 1 in Short Blades
  7062 | D:7      | Reached skill level 7 in Spellcasting
  7070 | D:7      | Reached XP level 9. HP: 32/68 MP: 1/19
  7416 | D:7      | Reached skill level 5 in Dodging
  8267 | D:7      | Reached skill level 8 in Spellcasting
  8327 | D:7      | Reached **** piety under Sif Muna
  8330 | D:7      | HP: 2/69 [vampire mosquito (4)]
  8331 | D:7      | Slain by a vampire mosquito

Illustrated notes

Levels and vault maps discovered:
D:1:      elethiomel_arrival_quiet, layout_loops_corners,
          hellmonk_ecumenical_altar_leap_of_faith, minmay_misc_feat_ornament,
          minmay_misc_feat_five
D:2:      layout_basic, minmay_between, uniq_crazy_yiuf_cottage
D:3:      layout_rooms, uniq_terence
D:4:      layout_basic, yredelemnul_altar_generic,
          mainiacjoe_overflow_boulevard, mainiacjoe_overflow_tiny_flanked,
          mainiacjoe_overflow_small_starburst, minmay_temple_entry_fiery,
          serial_corexii_hall, corexii_hall_statues_i, corexii_hall_statues_i,
          grunt_ministairs_11
D:5:      layout_rooms, serial_shops, nicolae_shop_stone
D:6:      layout_loops_corners, fedhas_altar_1, serial_shops, shop,
          uniq_duvessa, uniq_eustachio, uniq_sigmund
D:7:      layout_basic, xom_confusion_cloud, enter_bailey_3

Skill      XL: |  1  2  3  4  5  6  7  8  9 |
---------------+----------------------------+-----
Spellcasting   | 3 4 5 7 8 |  8.1
Fighting       | 1 2 3 4 5 6 |  6.2
Dodging        | 2 3 4 5 |  5.5
Invocations    | 1 2 3 |  3.8
Necromancy     | 5 6 7 |  7.5
Short Blades   | 1 2 |  2.1
Stealth        | |  1.5

Action                   |  1- 3 |  4- 6 |  7- 9 || total
-------------------------+-------+-------+-------++-------
Melee: Unarmed           |    11 |       |       ||    11
       Quarterstaff      |       |    11 |       ||    11
       Dagger            |       |    21 |   143 ||   164
Throw: Throwing net      |       |       |     1 ||     1
 Cast: Pain              |    81 |   115 |    43 ||   239
       Vampiric Draining |       |     3 |    44 ||    47
       Agony             |       |       |     3 ||     3
       Animate Dead      |       |       |     1 ||     1
  Use: Scroll            |       |     6 |     4 ||    10
Armor: Robe              |     5 |    14 |    86 ||   105
Dodge: Dodged            |    27 |    42 |   236 ||   305
